 Dungeon Crawl Stone Soup version 0.31.0-12-g77e489cdc1 (webtiles) character file.

Game seed: 18335846594182070658

786 ChadusMaximus the Summoner (level 7, 0/46 HPs)
             Began as a Barachi Summoner on Mar 3, 2024.
             Was an Initiate of Hepliaklqana.
             Slain by a lemure (4 damage)
             ... led by Pikel
             ... on level 6 of the Dungeon.
             The game lasted 00:07:29 (5665 turns).

ChadusMaximus the Summoner (Barachi Summoner)       Turns: 5665, Time: 00:07:30

Health: 0/46       AC:  9    Str: 13 (14) XL:     7   Next: 87%
Magic:  0/22       EV: 17    Int: 15 (17) God:    Hepliaklqana [......]
Gold:   238        SH:  0    Dex:  9 (12) Spells: 5/15 levels left

rFire   . . .        e - +1 short sword (venom)
rCold   . . .        (no shield)
rNeg    . . .        C - +3 leather armour of Tiamavvo {rElec Str+4 SInv}
rPois   .            (no helmet)
rElec   +            (no cloak)
rCorr   .            p - +2 pair of gloves
SInv    +            (no boots)
Will    .....        y - amulet of guardian spirit
Stlth   +            l - +5 ring of evasion
HPRegen 0.27/turn    u - ring of magical power
MPRegen 0.18/turn

%: guardian spirit
@: unable to hop, attractive, slow
A: amphibious, slowness 1, strong legs 1, +LOS
a: Hop, Renounce Religion


You were on level 6 of the Dungeon.
You worshipped Hepliaklqana.
Hepliaklqana was noncommittal.
You visited 2 branches of the dungeon, and saw 7 of its levels.

You collected 238 gold pieces.

Inventory:

Hand Weapons
 e - a +1 short sword of venom (weapon)
Armour
 a - a +1 robe
 p - a +2 pair of gloves (worn)
 C - the +3 leather armour of Tiamavvo (worn) {rElec Str+4 SInv}
   (You found it on level 5 of the Dungeon)

   Str+4:     It affects your strength (+4).
   rElec:     It insulates you from electricity.
   SInv:      It lets you see invisible.
Jewellery
 c - a +6 ring of dexterity
 l - a +5 ring of evasion (left hand)
 o - a ring of see invisible
 q - a ring of resist corrosion
 u - a ring of magical power (right hand)
 y - an amulet of guardian spirit (around neck)
Wands
 w - a wand of acid (10)
 D - a wand of iceblast (3)
Scrolls
 d - 2 scrolls of immolation
 f - 2 scrolls of poison
 h - 3 scrolls of identify
 i - a scroll of noise
 v - 2 scrolls of blinking
 z - a scroll of fear {unknown}
 A - a scroll of fog {unknown}
 E - a scroll of brand weapon {unknown}
Potions
 n - a potion of mutation {unknown}
 s - 2 potions of ambrosia {unknown}
 t - a potion of haste {unknown}
 x - a potion of might {unknown}
 B - a potion of enlightenment {unknown}


   Skills:
 + Level 2.3 Armour
 + Level 4.9 Dodging
 - Level 1.7 Stealth
 + Level 4.6 Spellcasting
 * Level 8.5 Summonings


You had 5 spell levels left.
You knew the following spells:

 Your Spells              Type           Power      Damage    Failure   Level
a - Summon Small Mammal   Summ           100%       N/A       1%          1
b - Call Canine Familiar  Summ           28%        N/A       1%          3
c - Call Imp              Summ           56%        N/A       1%          2
d - Summon Lightning Spi  Summ/Air       16%        N/A       36%         4

Your spell library contained the following spells:

 Spells                   Type           Power      Damage    Failure   Level
 Slow                     Hex            12%        N/A       22%         1
 Summon Blazeheart Golem  Fire/Summ      16%        N/A       36%         4
 Confusing Touch          Hex            3%         N/A       54%         3
 Sigil of Binding         Hex            3%         N/A       54%         3
 Vampiric Draining        Necr           3%         2d6       54%         3


Dungeon Overview and Level Annotations

Branches:
Dungeon (6/15)             Temple (1/1) D:6

Altars:
Ashenzari
Cheibriados
Dithmenos
Elyvilon
Fedhas
Gozag
Hepliaklqana
Makhleb
Nemelex Xobeh
Okawaru
Qazlal
Ru
Sif Muna
Trog
Uskayaw
Vehumet
Wu Jian
Xom
Zin
The Shining One

Shops:
D:2 ![   D:4 (

Annotations:
D:6 Pikel


Innate Abilities, Weirdness & Mutations

You are amphibious.
You cover ground slowly.
You can hop short distances.
You have an extended range of vision and can be seen from far away.


Message History

Your inugami shudders.
Your inugami hits the nameless horror but does no damage.
Send 'em back where they came from!
Your inugami shudders.
Your inugami hits the nameless horror.
Send 'em back where they came from!
Your inugami disappears in a puff of smoke!
A nameless horror is nearby!
There is a stone staircase leading down, spattered with blood here.
You climb downwards.
Level annotation: Pikel The iguana misses you.
Pikel misses you.
A howler monkey comes into view.
There is a stone staircase leading up, spattered with blood here.
Okay, then.
It was a potion of degeneration.
There was something very wrong with that liquid.
You feel weakened.
You feel dopey.
You feel clumsy.
The howler monkey howls!
The iguana misses you.
Pikel hits you with a +2 whip of flaming.
Pikel burns you.
It was a potion of attraction.
You feel attractive to monsters.
The iguana bites you but does no damage.
Pikel misses you.
The howler monkey hoots and howls with incredible vigour!
The lemure is attracted toward you.
The howler monkey is attracted toward you.
The lemure is attracted toward you. The iguana bites you!
* * * LOW HITPOINT WARNING * * *
Pikel attacks as he pursues you! Pikel misses you.
The iguana bites you but does no damage.
The howler monkey is attracted toward you.
The iguana barely misses you. The iguana bites you!
* * * LOW HITPOINT WARNING * * *
The lemure attacks as it pursues you! The lemure hits you.
You die...

##### ########## #...#
#........# #...# #........#
#...# #........# #...#
#........##
#...#########.....##
#...#...<>..[......#
#...#..[.[.........##
#..5@................
#..l#..........#.###.
#..K#................
###########5..........##.....
##..........#.ยง...............
##......................#.#...#
#.........................#.#.#
#.........5>....#....).##......
#...............#......)....#..


You could see Pikel, 2 lemures and an iguana.

Vanquished Creatures
  A lemure (D:6)
  A scorpion (D:5)
  A hound (D:4)
  An orc priest (D:3)
  A sleepcap (D:4)
  2 orc wizards
  2 adders
  A gnoll (D:6)
  An ufetubus (D:6)
  A dart slug (D:1)
  2 ribbon worms
  5 orcs
  3 endoplasms
  2 giant cockroaches (D:4)
  4 goblins
  4 hobgoblins
  3 jackals
  2 quokkas
  A ball python (D:1)
  3 frilled lizards
  4 kobolds
  2 rats
47 creatures vanquished.

Vanquished Creatures (collateral kills)
  2 water moccasins (D:6)
  An ice beast (D:6)
  An ogre (D:5)
  A lemure (D:6)
  A scorpion (D:5)
  An orc priest (D:5)
  2 gnolls (D:6)
  A dart slug (D:3)
  A ribbon worm (D:4)
  6 orcs
  A ball python (D:1)
  A bat (D:1)
  An endoplasm (D:1)
  A goblin (D:1)
  A jackal (D:4)
  A quokka (D:1)
  3 kobolds
  A rat (D:2)
27 creatures vanquished.

Grand Total: 74 creatures vanquished

Notes
Turn   | Place    | Note
-------+----------+-------------------------------------------
     0 | D:1      | ChadusMaximus the Barachi Summoner began the quest for the
                  | Orb.
     0 | D:1      | Reached XP level 1. HP: 13/13 MP: 3/3
   478 | D:1      | Reached skill level 5 in Summonings
   698 | D:1      | Reached XP level 2. HP: 11/19 MP: 0/5
  1129 | D:2      | Found Geaceum's Armour Shoppe.
  1291 | D:2      | Reached XP level 3. HP: 24/24 MP: 3/6
  1603 | D:2      | Found a shimmering blue altar of Sif Muna.
  1783 | D:2      | Found Bivael's Distillery.
  2153 | D:3      | Reached XP level 4. HP: 30/30 MP: 5/8
  2256 | D:3      | Reached skill level 6 in Summonings
  2294 | D:3      | Learned a level 3 spell: Call Canine Familiar
  2297 | D:3      | Learned a level 2 spell: Call Imp
  2624 | D:3      | Reached XP level 5. HP: 28/35 MP: 5/9
  2718 | D:3      | Found a faded altar of an unknown god.
  3072 | D:4      | Found Baar Asch's Antique Weapon Shop.
  3504 | D:5      | Entered Level 5 of the Dungeon
  3715 | D:5      | Reached skill level 7 in Summonings
  3715 | D:5      | Reached XP level 6. HP: 6/41 MP: 3/11
  4315 | D:5      | Identified the +3 leather armour of Tiamavvo {rElec Str+4
                  | SInv}
  4899 | D:6      | Found a staircase to the Ecumenical Temple.
  4955 | D:5      | Reached XP level 7. HP: 20/46 MP: 2/13
  5069 | D:5      | Learned a level 4 spell: Summon Lightning Spire
  5155 | D:6      | Reached skill level 1 in Armour
  5155 | D:6      | Reached skill level 8 in Summonings
  5208 | Temple   | Entered the Ecumenical Temple
  5244 | Temple   | Became a worshipper of Hepliaklqana the Forgotten
  5405 | D:6      | Noticed Pikel
  5411 | D:6      | Noticed a nameless horror
  5613 | D:5      | HP: 2/46 [nameless horror[miscasting Summon Lightning
                  | Spire] (10)]
  5619 | D:5      | HP: 2/46 [poisoned by you (poison gas)]
  5665 | D:6      | Slain by a lemure

Illustrated notes

Levels and vault maps discovered:
D:1:      eino_arrival_water_star, layout_basic
D:2:      minmay_skewed_foursquare, layout_loops_corners, serial_shops,
          nicolae_shop_advertising_works [nicolae_subvault_shop_adworks],
          nicolae_shop_tiny_statue_garden, basic_altar, minmay_tromino_v4_c
D:3:      layout_basic, shapermc_ecumenical_altar_mp_highgroup, minivault_14
D:4:      layout_rooms, serial_shops, shop
D:5:      layout_basic
D:6:      nicolae_cairo_tiling_large_dashed, layout_rooms, uniq_pikel
Temple:   mainiacjoe_temple_big_plus

Skill      XL: |  1  2  3  4  5  6  7 |
---------------+----------------------+-----
Summonings     | 5 6 7 8 |  8.5
Dodging        | 3 4 |  4.9
Spellcasting   | 3 4 |  4.6
Armour         | 2 |  2.3
Stealth        | |  1.7

Action                     |  1- 3 |  4- 6 |  7- 9 || total
---------------------------+-------+-------+-------++-------
  Melee: Unarmed           |    16 |       |       ||    16
         Short sword       |    55 |    88 |    43 ||   186
         Punch             |       |     3 |       ||     3
   Cast: Summon Small Mamm |    23 |    10 |     7 ||    40
         Call Canine Famil |       |     9 |     8 ||    17
         Call Imp          |       |     8 |     7 ||    15
         Summon Lightning  |       |       |     1 ||     1
Ability: Hop               |     1 |     2 |     3 ||     6
    Use: Scroll            |       |       |     6 ||     6
         Potion            |       |       |     6 ||     6
   Stab: Sleeping          |     5 |     2 |       ||     7
         Distracted        |       |       |     1 ||     1
 Armour: Robe              |    49 |    39 |       ||    88
         Leather armour    |       |    10 |    38 ||    48
  Dodge: Dodged            |    61 |    81 |    57 ||   199
